 Dungeon Crawl Stone Soup version 0.19.4-25-g1b72edd (webtiles) character file.

907 Lostpass the Sneak (level 7, 0/40 HPs)
             Began as a Deep Elf Assassin on Feb 28, 2017.
             Killed from afar by an orc wizard (7 damage)
             ... with a puff of flame
             ... on level 4 of the Dungeon.
             The game lasted 00:43:25 (6054 turns).

Lostpass the Sneak (Deep Elf Assassin)              Turns: 6054, Time: 00:43:26

Health: 0/40       AC:  7    Str: 10    XL:     7   Next: 81%
Magic:  0/13       EV: 18    Int: 16    God:
Gold:   162        SH:  0    Dex: 16    Spells: 2 memorised, 9 levels left

rFire  . . .     SeeInvis .     b - +0 blowgun
rCold  + . .     Gourm    .     n - +1 leather armour {rC+}
rNeg   . . .     Faith    .     (no shield)
rPois  .         Spirit   +     k - +0 helmet
rElec  .         Reflect  .     t - +1 cloak
rCorr  .         Harm     .     (no gloves)
MR     .....                    (no boots)
Stlth  +++.......               p - amulet of guardian spirit
                                (no ring)
                                r - +4 ring of evasion

@: very slightly contaminated
A: no striking features
a: no special abilities


You were on level 4 of the Dungeon.
You were not hungry.

You visited 1 branch of the dungeon, and saw 5 of its levels.

You collected 162 gold pieces.

Inventory:

Hand Weapons
 a - a +3 dagger of holy wrath
 b - a +0 blowgun (weapon)
 q - a +2 dagger
 s - a +3 quarterstaff of chaos
Missiles
 f - a curare-tipped needle (quivered)
 i - 29 stones
Armour
 k - a +0 helmet (worn)
 n - a +1 leather armour of cold resistance (worn)
 t - a +1 cloak (worn)
Jewellery
 m - an uncursed amulet of magic regeneration
 p - an amulet of guardian spirit (around neck)
 r - a +4 ring of evasion (left hand)
Scrolls
 d - a scroll of enchant weapon
 l - a scroll of remove curse
 u - a scroll of amnesia
 w - a scroll of random uselessness {unknown}
 x - a scroll of fear {unknown}
Potions
 h - a potion of brilliance
 j - a potion of magic
Books
 v - a book of Minor Magic

   Spells                             Type                      Level
   a - Magic Dart                     Conjuration                  1
   b - Blink                          Translocation                2
   c - Call Imp                       Summoning                    2
   d - Repel Missiles                 Charms/Air                   2
   e - Slow                           Hexes                        2
   f - Conjure Flame                  Conjuration/Fire             3
   g - Mephitic Cloud                 Conjuration/Poison/Air       3
Comestibles
 c - 2 fruits
 g - a bread ration
 o - 5 meat rations
 z - a chunk of flesh


   Skills:
 + Level 2.7 Fighting
 + Level 4.4 Short Blades
 + Level 3.1 Throwing
 + Level 2.7 Armour
 + Level 4.2 Dodging
 + Level 6.9 Stealth
 * Level 3.1 Spellcasting
 + Level 0.9 Conjurations


You had 9 spell levels left.
You knew the following spells:

 Your Spells              Type           Power        Failure   Level  Hunger
a - Magic Dart            Conj           #...         17%         1    None
b - Blink                 Tloc           N/A          38%         2    ##.....


Dungeon Overview and Level Annotations

Branches:
Dungeon (5/15)
 Temple: D:4-7

Altars:
Ru
Sif Muna
Uskayaw
Xom

Annotations:
D:5 Menkaure


Message History

You miscast Blink.
You are very lightly contaminated with residual magic.
The floor and the ceiling briefly switch places.
Something hits you but does no damage. The orc closely misses you.
You hit something. Something hits you.
* * * LOW HITPOINT WARNING * * *
Okay, then.
Casting: Blink
Confirm with . or Enter, or press ? or * to list all spells.
You blink.
The orc throws a tomahawk.
The tomahawk barely misses you.
Your +3 dagger of holy wrath stops glowing.
b - a +0 blowgun (weapon)
The orc throws a tomahawk.
The tomahawk barely misses you.
Firing (i - inventory. (,) - cycle):
e - a poisoned needle (quivered)
Press: ? - help, Shift-Dir - straight line, f/p - orc
Aim: an orc, wielding a dagger (heavily wounded)
You shoot a poisoned needle.
A puff of flame appears from out of thin air!
The puff of flame hits you!
You die...

#.####..#.####### ###.>.........
...##.....# ####.<.##........
....#.#..## ###....(###...(....
......#.## ###...###o###........
......#.#####<..####ao##.........
.....##...##..#####{ยง###(........
........#.##.## #...###(.########
.....##......####.##...(##
.....##.###....(@.##....#
........####..######....#
.....##................##
.....##......#.........#
...>.......#<.#........#
........#####.[........##########
...........#............##.......
...........#.##.......#.##.......
.............##.####.............


You could see a worker ant and 2 orcs.

Vanquished Creatures
  Grinder (D:5)
  The ghost of Sagrath01 the Conjurer, an amateur DsWz (D:4)
  A necrophage (D:3)
  Blork the orc (D:5)
  3 hounds
  Crazy Yiuf (D:2)
  Terence (D:2)
  4 worker ants
  A hound skeleton (D:5)
  Robin (D:2)
  A howler monkey skeleton (D:4)
  8 adders
  A shadow imp (D:5)
  An ooze (D:2)
  2 worms (D:2)
  3 dart slugs
  3 leopard geckos
  5 orcs
  2 bats
  4 giant cockroaches
  14 hobgoblins
  5 jackals
  2 quokkas
  3 ball pythons
  8 frilled lizards
  16 goblins
  6 kobolds
  6 rats
105 creatures vanquished.

Notes
Turn   | Place    | Note
-------+----------+-------------------------------------------
     0 | D:1      | Lostpass the Deep Elf Assassin began the quest for the Orb.
     0 | D:1      | Reached XP level 1. HP: 12/12 MP: 3/3
   440 | D:1      | Reached XP level 2. HP: 9/17 MP: 4/4
   630 | D:1      | Reached skill level 5 in Stealth
  1300 | D:1      | Reached XP level 3. HP: 14/21 MP: 5/5
  2317 | D:2      | Noticed Terence
  2385 | D:2      | Killed Terence
  2385 | D:2      | Reached XP level 4. HP: 18/26 MP: 7/7
  2503 | D:2      | Noticed Robin
  2528 | D:2      | Reached skill level 1 in Spellcasting
  2582 | D:2      | Killed Robin
  2744 | D:2      | Found a hide-covered altar of Uskayaw.
  2932 | D:2      | Found a runed door.
  2936 | D:2      | Noticed Crazy Yiuf
  2943 | D:2      | Killed Crazy Yiuf
  2943 | D:2      | Reached XP level 5. HP: 30/30 MP: 8/8
  3177 | D:2      | Found a sacrificial altar of Ru.
  3580 | D:3      | Found a shimmering altar of Xom.
  3581 | D:3      | Found a shimmering altar of Xom.
  3667 | D:3      | Found a shimmering altar of Xom.
  3681 | D:3      | Found a shimmering altar of Xom.
  4036 | D:3      | Reached skill level 1 in Armour
  4075 | D:4      | Noticed a necrophage
  4092 | D:3      | Killed a necrophage
  4092 | D:3      | Reached skill level 6 in Stealth
  4105 | D:3      | Reached XP level 6. HP: 23/35 MP: 9/9
  4762 | D:4      | Noticed Sagrath01's ghost (amateur DsWz)
  4811 | D:4      | Learned a level 1 spell: Magic Dart
  5344 | D:5      | Entered Level 5 of the Dungeon
  5396 | D:5      | Noticed Grinder
  5403 | D:5      | Killed Grinder
  5403 | D:5      | Reached XP level 7. HP: 40/40 MP: 10/12
  5407 | D:5      | Learned a level 2 spell: Blink
  5410 | D:5      | Noticed Menkaure
  5660 | D:5      | Noticed Blork the orc
  5691 | D:5      | Killed Blork the orc
  5711 | D:5      | Found a deep blue altar of Sif Muna.
  5733 | D:5      | Learned a level 1 spell: Magic Dart
  5978 | D:4      | Killed Sagrath01's ghost
  6054 | D:4      | Killed from afar by an orc wizard

Skill      XL: |  1  2  3  4  5  6  7 |
---------------+----------------------+-----
Stealth        | 5 6 |  6.9
Fighting       | 2 |  2.7
Short Blades   | 3 4 |  4.4
Dodging        | 2 3 4 |  4.2
Spellcasting   | 1 2 3 |  3.1
Armour         | 1 2 |  2.7
Throwing       | 3 |  3.1
Conjurations   | |  0.9

Action                   |  1- 3 |  4- 6 |  7- 9 || total
-------------------------+-------+-------+-------++-------
Melee: Dagger            |   135 |   255 |    40 ||   430
 Fire: Blowgun           |     9 |     9 |    10 ||    28
Throw: Stone             |    41 |    18 |     9 ||    68
 Cast: Magic Dart        |       |     1 |     6 ||     7
       Blink             |       |       |     2 ||     2
  Use: Scroll            |     3 |     8 |     3 ||    14
       Potion            |     4 |     1 |       ||     5
 Stab: Sleeping          |     9 |    11 |       ||    20
       Distracted        |     1 |     1 |       ||     2
  Eat: Chunk             |     5 |    10 |       ||    15
       Bread ration      |       |       |     1 ||     1
Armor: Robe              |    13 |       |       ||    13
       Skin              |     1 |       |       ||     1
       Leather armour    |     1 |    47 |    15 ||    63
Dodge: Dodged            |    62 |   167 |    74 ||   303
